 Dungeon Crawl Stone Soup version 0.21-a0-508-gf08a75f (webtiles) character file.

2041 Gerstahl the Slasher (level 9, -1/129 HPs)
             Began as a Naga Skald on Nov 29, 2017.
             Was a Follower of Okawaru.
             Slain by an orc warrior
             ... wielding the +5 quarterstaff of Evolution {freeze, rPois}
              (11 damage)
             ... on level 7 of the Dungeon.
             The game lasted 00:34:42 (10466 turns).

Gerstahl the Slasher (Naga Skald)                  Turns: 10466, Time: 00:34:43

Health: -1/129     AC: 24    Str: 16    XL:     9   Next: 24%
Magic:  11/12      EV:  1    Int: 14    God:    Okawaru [*.....]
Gold:   450        SH:  4    Dex: 11    Spells: 9/12 levels left

rFire    + . .     SeeInvis +   a - +0 falchion
rCold    . . .     Gourm    .   x - +0 buckler
rNeg     + + +     Faith    .   (armour currently unavailable)
rPois    +         Spirit   .   (helmet currently unavailable)
rElec    .         Reflect  .   (cloak currently unavailable)
rCorr    .         Harm     .   (gloves currently unavailable)
MR       +....     NoTele   +   (no barding)
Stlth    +.........             (no amulet)
HPRegen  0.31/turn              k - ring of protection from fire
MPRegen  0.13/turn              (no ring)

@: tree-form
A: large, see invisible, slow metabolism 1, spit poison 1, AC +3
a: Spit Poison, Heroism, Renounce Religion


You were on level 7 of the Dungeon.
You worshipped Okawaru.
Okawaru was aware of your devotion.
You were hungry.
You were a tree.
You visited 2 branches of the dungeon, and saw 8 of its levels.
You also visited: Sewer.

You collected 450 gold pieces.

Inventory:

Hand Weapons
 a - a +0 falchion (weapon)
Armour
 b - a +0 leather armour
 r - a +2 robe of magic resistance (melded)
 t - a +2 leather armour of fire resistance
 x - a +0 buckler (worn)
Jewellery
 k - a ring of protection from fire (left branch)
 D - an uncursed ring of see invisible {unknown}
Wands
 q - a wand of flame (30)
 B - a wand of random effects (26)
Scrolls
 d - a scroll of random uselessness {unknown}
 f - 2 scrolls of immolation
 i - a scroll of remove curse {unknown}
 l - 5 scrolls of identify {unknown}
 m - a scroll of amnesia {unknown}
 o - 2 scrolls of magic mapping {unknown}
 u - a scroll of fear {unknown}
 v - a scroll of enchant weapon {unknown}
 y - a scroll of enchant armour {unknown}
Potions
 e - a potion of magic
 g - a potion of curing
 h - 4 potions of flight
 j - 2 potions of heal wounds {unknown}
 p - a potion of ambrosia
 s - 3 potions of agility {unknown}
 w - 2 potions of berserk rage {unknown}
 z - a potion of degeneration {unknown}
Books
 c - a book of Battle

   Spells                             Type                      Level
   a - Infusion                       Charms                       1
   b - Shroud of Golubria             Charms/Translocation         2
   c - Song of Slaying                Charms                       2
   d - Spectral Weapon                Hexes/Charms                 3
   e - Regeneration                   Charms/Necromancy            3


   Skills:
 + Level 7.5 Fighting
 + Level 7.5 Long Blades
 + Level 2.5 Armour
 + Level 3.0 Dodging
 - Level 3.0 Shields
 - Level 2.0 Spellcasting
 - Level 3.0 Charms


You had 9 spell levels left.
You knew the following spells:

 Your Spells              Type           Power        Failure   Level  Hunger
a - Infusion              Chrm           #...         7%          1    ##.....
b - Song of Slaying       Chrm           #.......     11%         2    ###....


Dungeon Overview and Level Annotations

Branches:
Dungeon (7/15)             Temple (1/1) D:4

Altars:
Ashenzari
Cheibriados
Dithmenos
Elyvilon
Gozag
Hepliaklqana
Kikubaaqudgha
Makhleb
Nemelex Xobeh
Okawaru
Qazlal
Sif Muna
Trog
Uskayaw
Vehumet
Xom
Yredelemnul
Zin
The Shining One

Annotations:
D:3 Grinder, Sigmund
D:6 Edmund


Innate Abilities, Weirdness & Mutations

You cannot wear boots.
((Your serpentine skin is tough. (AC +3)))
You have supernaturally acute eyesight. (SInv)
((Armour fits poorly on your strangely shaped body.))
((Your system is resistant to poisons. (rPois)))
((You cover ground very slowly.))
You have a slow metabolism.
You can spit poison.


Message History

* * * LOW HITPOINT WARNING * * *
The orc warrior freezes you.
* * * LOW HITPOINT WARNING * * *
You hit the orc warrior.
The orc warrior is lightly wounded.
You are no longer magically infusing your attacks.
You block the orc warrior's attack.
You hit the orc warrior but do no damage.
The orc warrior is lightly wounded.
The orc warrior hits you with a crystal quarterstaff {freeze}!
* * * LOW HITPOINT WARNING * * *
The orc warrior freezes you.
* * * LOW HITPOINT WARNING * * *
You barely miss the orc warrior.
The orc warrior is lightly wounded.
The orc warrior hits you but does no damage.
You barely miss the orc warrior.
The orc warrior is lightly wounded.
The orc warrior hits you with a crystal quarterstaff {freeze}!
You die...

#.# #.......>(
#.# #..##.####
#.# #.........
#.# ##.##.###.
#.# ##.##.###.
#.# #.........
#.####..##.###.
#.##..[(.....#
#....[♣o...#.#
####.#.##.## ..
#.#.##.# [#
##.#.##.# .#
#....##.# #
#.#.#.##.#####
#.#.........
#..........#
####_#.###.#


You could see an orc warrior.

Vanquished Creatures
  A hippogriff (D:7)
  The ghost of Gerstahl the Skirmisher, an amateur NaSk (D:3)
  A yak (D:6)
  An orc warrior (D:7)
  Purgy (D:4)
  A phantom (D:4)
  4 ogres
  A water moccasin skeleton (D:4)
  A scorpion (D:6)
  The ghost of p0werm0de the Vexing, a weakling OpAM (D:4)
  2 crimson imps (D:6)
  A hound (D:7)
  A quasit (D:6)
  A jelly (D:5)
  3 orc wizards
  A centaur skeleton (D:6)
  3 iguanas
  7 worker ants
  A killer bee zombie (D:5)
  A hound skeleton (D:5)
  A hound zombie (D:5)
  3 gnolls (D:3)
  5 adders
  A shadow imp (D:6)
  3 oozes
  2 adder zombies
  6 worms
  3 dart slugs
  5 leopard geckos
  14 orcs
  2 ball pythons
  6 giant cockroaches
  3 goblins
  8 hobgoblins
  15 jackals
  2 quokkas
  21 bats
  6 frilled lizards
  7 kobolds
  A leopard gecko skeleton (D:4)
  8 rats
156 creatures vanquished.

Notes
Turn   | Place    | Note
-------+----------+-------------------------------------------
     0 | D:1      | Gerstahl the Naga Skald began the quest for the Orb.
     0 | D:1      | Reached XP level 1. HP: 19/19 MP: 3/3
   207 | D:1      | Reached XP level 2. HP: 25/27 MP: 1/5
   738 | D:1      | Reached XP level 3. HP: 32/33 MP: 6/6
  1771 | D:2      | Reached XP level 4. HP: 34/42 MP: 7/7
  2200 | D:3      | Learned a level 2 spell: Song of Slaying
  2492 | D:3      | Found a glowing drain.
  2497 | Sewer    | Entered a sewer
  3437 | Sewer    | Reached XP level 5. HP: 49/50 MP: 5/8
  3820 | D:3      | Noticed Gerstahl's ghost (amateur NaSk)
  4535 | D:3      | Killed Gerstahl's ghost
  4535 | D:3      | Reached XP level 6. HP: 34/58 MP: 3/9
  4916 | D:3      | Noticed Grinder
  4921 | D:3      | Noticed Sigmund
  5137 | D:3      | Paralysed by Grinder for 4 turns
  5515 | D:4      | Reached skill level 5 in Fighting
  5515 | D:4      | Reached skill level 5 in Long Blades
  5533 | D:4      | Reached skill level 1 in Shields
  5533 | D:4      | Reached XP level 7. HP: 20/67 MP: 1/10
  5847 | D:4      | Noticed Purgy
  5884 | D:4      | Killed Purgy
  6575 | D:4      | Noticed p0werm0de's ghost (weakling OpAM)
  6586 | D:4      | Killed p0werm0de's ghost
  6651 | D:4      | Found a staircase to the Ecumenical Temple.
  6659 | Temple   | Entered the Ecumenical Temple
  6861 | Temple   | Became a worshipper of Warmaster Okawaru
  6995 | D:4      | Reached XP level 8. HP: 51/76 MP: 11/11
  7297 | D:5      | Entered Level 5 of the Dungeon
  8447 | D:5      | Found a radiant altar of Vehumet.
  8744 | D:6      | Noticed Edmund
  8823 | D:6      | Reached skill level 1 in Armour
  9783 | D:6      | Noticed a yak
  9811 | D:6      | Killed a yak
  9811 | D:6      | Reached * piety under Okawaru
  9811 | D:6      | Reached XP level 9. HP: 38/86 MP: 7/12
 10249 | D:7      | Found a radiant altar of Vehumet.
 10466 | D:7      | Identified the +5 quarterstaff of Evolution {freeze, rPois}
 10466 | D:7      | Slain by an orc warrior

Vault maps used:
D:1:      enne_arrival_octagon_isle, serial_forest,
          infiniplex_forest_lined_corner, infiniplex_forest_straight_4,
          infiniplex_forest_clump_long, infiniplex_forest_end_2,
          infiniplex_forest_straight_1, infiniplex_forest_clump_tiny,
          infiniplex_forest_diagonal, infiniplex_forest_lined_2,
          infiniplex_forest_clump_long, infiniplex_forest_zigzag_2,
          serial_bayou_lagoon_a
D:2:      minmay_wonky_spiral
D:3:      portal_sewer_entry_e, uniq_sigmund, uniq_grinder
D:4:      minmay_temple_entry_statues_pillars, first_bread, uniq_purgy
D:5:      nicolae_ossuary_entry_plus, basic_altar, minmay_misc_feat_rows
D:6:      hangedman_cross_stitches, uniq_pikel, uniq_blork_the_orc,
          uniq_menkaure, uniq_edmund
D:7:      overflow_temple_1_default, lemuel_round_altar, serial_shops,
          nicolae_shop_behind_doors, grunt_ogre_cave, uniq_joseph
Temple:   dpeg_five_rooms_temple
Sewer:    sewer_fruit_machine

Skill      XL: |  1  2  3  4  5  6  7  8  9 |
---------------+----------------------------+-----
Fighting       | 3 4 5 7 |  7.5
Long Blades    | 3 4 5 7 |  7.5
Shields        | 1 3 |  3.0
Armour         | 1 2 |  2.5
Dodging        | 2 3 |  3.0
Spellcasting   | |  2.0
Charms         | |  3.0

Action                   |  1- 3 |  4- 6 |  7- 9 || total
-------------------------+-------+-------+-------++-------
Melee: Falchion          |    84 |   235 |   401 ||   720
 Cast: Infusion          |     4 |     5 |    10 ||    19
       Song of Slaying   |       |     4 |    13 ||    17
 Abil: Spit Poison       |    18 |    25 |    41 ||    84
Evoke: Wand              |       |       |     3 ||     3
  Use: Potion            |       |     7 |     5 ||    12
       Scroll            |       |     5 |     3 ||     8
  Eat: Chunk             |     3 |    11 |     2 ||    16
       Royal jelly       |       |     1 |       ||     1
       Meat ration       |       |       |     1 ||     1
       Bread ration      |       |       |     2 ||     2
Armor: Leather armour    |    45 |    75 |       ||   120
       Robe              |       |    26 |   126 ||   152
       Skin              |       |    19 |   112 ||   131
Dodge: Dodged            |    56 |   174 |   178 ||   408
Block: Buckler           |       |       |    70 ||    70
       Rpst.: Falchion   |    24 |    52 |    55 ||   131

Table legend:
 A = Spawn XP
 B = Non-spawn XP
 C = Spawn XP percentage of total XP
 D = Spawn monster count
 E = Non-spawn monster count
 F = Spawn count percentage of total count
 G = Total turns spent on level
                    A         B        C        D         E        F      G
               +---------+---------+-------+---------+---------+-------+---------
         Total |       0 |    2917 |   0.0 |       0 |     156 |   0.0 | 10466
               +---------+---------+-------+---------+---------+-------+---------
           D:1 |       0 |      34 |   0.0 |       0 |      21 |   0.0 |  1012
           D:2 |       0 |      77 |   0.0 |       0 |      24 |   0.0 |  1184
           D:3 |       0 |     286 |   0.0 |       0 |      22 |   0.0 |  1709
           D:4 |       0 |     788 |   0.0 |       0 |      23 |   0.0 |  1850
           D:5 |       0 |     509 |   0.0 |       0 |      23 |   0.0 |  1991
           D:6 |       0 |     660 |   0.0 |       0 |      12 |   0.0 |   574
           D:7 |       0 |     486 |   0.0 |       0 |       6 |   0.0 |   604
         Sewer |       0 |      77 |   0.0 |       0 |      25 |   0.0 |  1285
               +---------+---------+-------+---------+---------+-------+---------
